 Dungeon Sprint DCSS version 0.31-a0-667-g39726597b9 (webtiles) character file.

Game seed: 16495043513686397720

408 Revguard the Mimic (level 6, -5/58 HPs)
             Began as a Draconian Shapeshifter on Sept 4, 2023.
             Was a Priest of Uskayaw.
             Slain by a draconian
             ... wielding a +0 flail
              (20 damage)
             ... in the Dungeon (Sprint V: "Ziggurat Sprint").
             The game lasted 00:02:11 (202 turns).

Revguard the Mimic (Draconian Shapeshifter)          Turns: 202, Time: 00:02:12

Health: -5/58      AC:  6    Str: 23    XL:     6   Next: 57%
Magic:  6/9        EV: 15    Int: 10    God:    Uskayaw [***...]
Gold:   0          SH:  0    Dex: 18    Spells: 5/5 levels left

rFire   . .          .
                       - Unarmed
rCold   . . .        (shield currently unavailable)
rNeg    . . .        (body armour unavailable)
rPois   .            (helmet restricted)
rElec   .            (no cloak)
rCorr   .            (no gloves)
SInv    .            (no boots)
Will    .....        (no amulet)
Stlth   +            x - +6 ring of strength
HPRegen 0.29/turn    t - +6 ring of dexterity
MPRegen 0.11/turn

%: no teleportation
@: flux-form, glowing
A: glow, contaminating, AC +6, unfitting armour, cold-blooded
a: Begin Untransformation, Renounce Religion, Stomp, Line Pass


You were in the Dungeon.
You worshipped Uskayaw.
Uskayaw was noncommittal.
You were something dangerously unstable.
You visited 1 branch

Inventory:

Jewellery
 s - a ring of flight
 t - a +6 ring of dexterity (right hand)
 u - a +6 ring of dexterity
 v - a +6 ring of intelligence
 w - a +6 ring of intelligence
 x - a +6 ring of strength (left hand)
 y - a +6 ring of strength
Talismans
 b - a beast talisman
 c - a flux talisman (active)
 C - a blade talisman
 D - a maw talisman
Wands
 z - a wand of mindburst (6)
 A - a wand of iceblast (3)
 B - a wand of quicksilver (5)
Scrolls
 i - 4 scrolls of blinking
 o - 4 scrolls of amnesia
 p - 7 scrolls of fog
 q - 5 scrolls of identify
 r - 2 scrolls of fear
Potions
 a - a potion of lignification
 d - 10 potions of curing
 e - 13 potions of heal wounds
 f - 6 potions of haste
 g - 7 potions of magic
 h - 3 potions of berserk rage
 j - 2 potions of brilliance
 k - 2 potions of invisibility
 l - 4 potions of resistance
 n - 5 potions of might
Miscellaneous
 m - a lightning rod (4/4)


   Skills:
 + Level 6.4 Fighting
 + Level 5.6 Dodging
 + Level 6.5 Unarmed Combat
 + Level 4.9 Invocations
 + Level 4.4 Evocations
 * Level 8.1 Shapeshifting


You had 5 spell levels left.
You didn't know any spells.
Your spell library contained the following spells:

 Spells                   Type           Power      Damage    Failure   Level
 Apportation              Tloc           0%         N/A       36%         1
 Necrotise                Necr           0%         1d4       36%         1
 Summon Small Mammal      Summ           0%         N/A       36%         1


Dungeon Overview and Level Annotations

Branches:
Dungeon (1/1)

Altars:
Ashenzari
Cheibriados
Dithmenos
Elyvilon
Fedhas
Gozag
Hepliaklqana
Kikubaaqudgha
Makhleb
Nemelex Xobeh
Okawaru
Qazlal
Ru
Sif Muna
Trog
Uskayaw
Vehumet
Wu Jian
Xom
Yredelemnul
Zin
The Shining One
Jiyva
Lugonu

Annotations:
D 1 transporter


Innate Abilities, Weirdness & Mutations

You are something dangerously unstable.
You glow with magical radiation, making you easy to see and hit.
Foes you strike become dangerously contaminated with magical radiation.
You are incapable of wielding weapons or throwing items.
Your plain brown scales are hard. (AC +6)
You cannot fit into any form of body armour.
You are cold-blooded and may be slowed by cold attacks.


Message History

The draconian is heavily wounded.
The iceblast engulfs the draconian!!
The draconian is heavily wounded.
The iceblast engulfs the draconian but does no damage.
The draconian is moderately wounded.
You hit the draconian but do no damage.
The draconian begins to glow.
The draconian is heavily wounded.
The draconian hits you with a +0 flail!
You punch the draconian!
The draconian glows dangerously bright.
The draconian is heavily wounded.
The draconian barely misses you.
Uskayaw will force your foes to helplessly watch your dance.
Uskayaw prepares the audience for your solo!
The helpless draconian fails to defend itself.
You hit the draconian but do no damage.
The draconian shudders as magic cascades through it!
The draconian twists and deforms.
The draconian is severely wounded.
The draconian is no longer paralysed. x3
You hit the draconian.
The draconian begins to glow.
The draconian is almost dead.
The draconian is no longer paralysed.
The draconian barely misses you. x2
You closely miss the draconian.
The draconian is moderately wounded.
The draconian hits you with a +0 flail of protection!
The draconian misses you.
You stomp with the beat, sending a shockwave through the revellers around you!
The draconian is heavily wounded.
The draconian is severely wounded.
The draconian is heavily wounded.
The draconian is almost dead.
The draconian hits you with a +0 club!
The draconian hits you with a +0 flail of protection.
The draconian closely misses you. The draconian hits you with a +0 flail!
* * * LOW HITPOINT WARNING * * *
You feel much better. The draconian hits you with a +0 club.
The draconian hits you with a +0 flail of protection!
* * * LOW HITPOINT WARNING * * *
The draconian hits you with a +0 flail!!
You die...

▓▓▓▓▓▓▓▓▓▓▓▓▓▓▓▓▓▓▓
▓.8©8.▓.8©8.▓.8©8.▓
▓.))?.▓...).▓.....▓
▓../..▓.....▓.).|.▓
▓.....▓.....▓.....▓
▓.....▓.....▓.....▓
▓.dd..▓.....▓..©..▓
▓.dBd.▓..©..▓▓▓▓▓▓▓
▓▓▓▓▓▓▓▓▓▓▓▓▓


You could see 4 draconians.

Vanquished Creatures
  A slime creature (D)
  2 floating eyes (D)
  A wight (D)
  A ball python zombie (D)
5 creatures vanquished.

Notes
Turn   | Place    | Note
-------+----------+-------------------------------------------
     0 | D        | Revguard the Draconian Shapeshifter began the quest for the
                  | Orb.
     0 | D        | Reached XP level 1. HP: 16/16 MP: 1/1
     0 | D        | Found a shimmering blue altar of Sif Muna.
     0 | D        | Found a sacrificial altar of Ru.
     0 | D        | Found a bloodstained altar of Trog.
     0 | D        | Found a stormy altar of Qazlal.
     0 | D        | Found an iron altar of Okawaru.
     0 | D        | Found a sparkling altar of Nemelex Xobeh.
     0 | D        | Found a blossoming altar of Fedhas.
     0 | D        | Found the +6 Majin-Bo {spellvamp, MP+6 Int+6}
     0 | D        | Found the +27 heavy crossbow "Sniper" {heavy, Acc+∞ SInv}
     0 | D        | Found the +10 dark maul {heavy}
     0 | D        | Found the +15 Maxwell's patent armour {-Cast -Tele rElec
                  | Will+ rCorr}
     0 | D        | Found the +18 shield of the Gong {Loud rN+ Will+ rCorr
                  | EV-5}
     0 | D        | Found the +16 obsidian axe {drain, demonic, Mesm Drain Fly
                  | SInv}
     0 | D        | Found the +7 great mace "Firestarter" {flame, immolate,
                  | rFlCloud rF++}
     0 | D        | Found the +6 shillelagh "Devastator" {shatter}
     0 | D        | Found the +11 plutonium sword {Contam Stlth-}
     0 | D        | Found the +8 lance "Wyrmbane" {slay drac, rPois rF+ rC+
                  | AC+3}
     0 | D        | Found the +9 sword of Zonguldrok {reap}
     0 | D        | Found the +13 scythe of Curses {drain, curses, Drain}
     0 | D        | Found the +9 sword of Power {lifebolt}
     0 | D        | Found the +7 mace of Variability {chaos, chaos arc}
     0 | D        | Found the +11 Singing Sword {sonic wave}
     0 | D        | Found the +8 storm bow {elec, penet}
     2 | D        | Found a transporter.
     2 | D        | Found an ancient bone altar of Kikubaaqudgha.
     2 | D        | Found a viscous altar of Jiyva.
     2 | D        | Found a corrupted altar of Lugonu.
     2 | D        | Found a hazy altar of Hepliaklqana.
     2 | D        | Found a burning altar of Makhleb.
     2 | D        | Found an opulent altar of Gozag.
    25 | D        | Became a worshipper of Uskayaw the Reveller
    26 | D        | Reached skill level 5 in Shapeshifting
    26 | D        | Reached XP level 2. HP: 26/26 MP: 2/2
    41 | D        | Entered arena 2.
    41 | D        | Noticed a wight
    41 | D        | Found a transporter.
    49 | D        | Reached * piety under Uskayaw
    50 | D        | Killed a wight
    50 | D        | Reached ** piety under Uskayaw
    51 | D        | Reached skill level 1 in Invocations
    51 | D        | Reached skill level 1 in Evocations
    51 | D        | Reached XP level 3. HP: 16/33 MP: 2/4
   121 | D        | Entered arena 3.
   121 | D        | Noticed a floating eye
   121 | D        | Noticed a slime creature
   121 | D        | Noticed a floating eye
   121 | D        | Found a transporter.
   122 | D        | Killed a floating eye
   123 | D        | Reached skill level 5 in Fighting
   123 | D        | Reached skill level 5 in Unarmed Combat
   123 | D        | Reached skill level 6 in Shapeshifting
   123 | D        | Reached XP level 4. HP: 42/42 MP: 4/6
   123 | D        | Reached XP level 5. HP: 48/48 MP: 4/7
   123 | D        | Killed a floating eye
   123 | D        | Reached *** piety under Uskayaw
   124 | D        | Reached skill level 5 in Dodging
   124 | D        | Reached skill level 7 in Shapeshifting
   128 | D        | Killed a slime creature
   129 | D        | Reached skill level 8 in Shapeshifting
   129 | D        | Reached XP level 6. HP: 41/58 MP: 4/9
   193 | D        | Entered arena 4.
   193 | D        | Noticed a draconian
   193 | D        | Noticed a draconian
   193 | D        | Noticed a draconian
   193 | D        | Noticed a draconian
   193 | D        | Found a transporter.
   202 | D        | Slain by a draconian

Illustrated notes

Levels and vault maps discovered:
D:        sprint_v [room_start, room_1, room_2, room_3, room_4, room_5, room_6,
          room_7, room_8, room_9, room_10, room_11, room_12, room_13, room_14,
          room_15, room_16, room_17, room_18, room_19, room_20, room_21,
          room_22, room_23, room_24, room_25, room_26, room_27]

Skill      XL: |  1  2  3  4  5 |
---------------+----------------+-----
Fighting       | 3 4 5 6 |  6.4
Dodging        | 3 4 5 |  5.6
Unarmed Combat | 4 5 6 |  6.5
Shapeshifting  | 5 6 8 |  8.1
Invocations    | 1 3 4 |  4.9
Evocations     | 1 3 4 |  4.4

Action                     |  1- 3 |  4- 6 || total
---------------------------+-------+-------++-------
  Melee: Unarmed           |     4 |     9 ||    13
 Invoke: Stomp             |       |     1 ||     1
  Evoke: Wand              |     4 |     3 ||     7
    Use: Potion            |     1 |     1 ||     2
   Stab: Paralysed         |       |     1 ||     1
 Armour: Skin              |     4 |     9 ||    13
  Dodge: Dodged            |     4 |     8 ||    12
   Form: Flux              |       |     1 ||     1

Table legend: (Time is in decaauts)
 A = Elapsed time spent in this place.
 B = Non-inter-level travel time spent in this place.
 C = Inter-level travel time spent in this place.
 D = Time resting spent in this place.
 E = Time spent auto-exploring this place.
 F = Levels seen in this place.
 G = Mean time per level.
                   A        B        C        D        E       F      G
               +--------+--------+--------+--------+--------+-----+--------+
         Total |    199 |    199 |      0 |    115 |      5 |   1 |  199.0 |
       Dungeon |    199 |    199 |      0 |    115 |      5 |   1 |  199.0 |
               +--------+--------+--------+--------+--------+-----+--------+

Top non-repeatable levels by time:
       D: 199 daAuts
